General information
- name: BNet
- type: Ladder team game (AT/RT)
- host: Battle.net
- saver: PaIadin
map: Battleground
- players: 8
- length: 32:46
- speed: Fast
- version: 1.26 W3XP
- replay type: Public
» download(188 KB)
Players
team 1 (loser)

»
Kaotic_Krogan (
purple | 45 APM | 1122 actions | 24:44)
6 Blademaster
3 Wind Walk
2 Critical Strike
1 Bladestorm
» actions
| Assign group hotkey | 15 | |
| Basic commands | 5 | |
| Build / train | 63 | |
| Enter build submenu | 28 | |
| Enter hero's abilities submenu | 6 | |
| Give item / drop item | 2 | |
| Right click | 567 | |
| Select / deselect | 291 | |
| Select group hotkey | 69 | |
| Use ability | 76 | |
1122 total
» units
| Peon | 13 | |
| Grunt | 2 | |
| Troll Headhunter/Berserker | 13 | |
| Raider | 5 | |
| Shaman | 3 | |
36 total
» upgrades
| Ranged Weapons | 2 | |
| Armor | 2 | |
| Troll Regeneration | 1 | |
| Berserker Upgrade | 1 | |
| Shaman Training | 2 | |
| Ensnare | 1 | |
| Melee Weapons | 2 | |
| Pillage | 1 | |
12 total
» buildings
| Barracks | 1 | |
| Altar of Storms | 1 | |
| Orc Burrow | 11 | |
| War Mill | 1 | |
| Voodoo Lounge | 2 | |
| Stronghold | 1 | |
| Great Hall | 2 | |
| Fortress | 1 | |
| Spirit Lodge | 1 | |
| Watch Tower | 3 | |
| Beastiary | 2 | |
26 total
» build order
00:10 Barracks
00:15 Altar of Storms
00:27 Orc Burrow
01:17 War Mill
01:48 Orc Burrow
03:00 Orc Burrow
03:41 Voodoo Lounge
04:54 Stronghold
04:57 Orc Burrow
05:01 Voodoo Lounge
08:50 Great Hall
09:01 Fortress
11:23 Great Hall
11:43 Spirit Lodge
11:48 Orc Burrow
12:49 Watch Tower
12:52 Watch Tower
13:14 Watch Tower
14:41 Beastiary
14:57 Beastiary
16:48 Orc Burrow
16:51 Orc Burrow
16:57 Orc Burrow
17:51 Orc Burrow
17:53 Orc Burrow
21:46 Orc Burrow
» items
| Healing Salve | 2 | |
| Scroll of Town Portal | 3 | |
| Orb of Lightning | 1 | |
6 total

»
statmojo.com (
orange | 65 APM | 1604 actions | 24:38)
5 Paladin
3 Holy Light
2 Devotion Aura
» actions
| Assign group hotkey | 32 | |
| Basic commands | 101 | |
| Build / train | 60 | |
| Enter build submenu | 24 | |
| Enter hero's abilities submenu | 6 | |
| Give item / drop item | 4 | |
| Remove unit from queue | 2 | |
| Right click | 565 | |
| Select / deselect | 356 | |
| Select group hotkey | 373 | |
| Use ability | 81 | |
1604 total
» units
| Peasant | 7 | |
| Footman | 9 | |
| Spell Breaker | 4 | |
| Sorceress | 8 | |
| Knight | 2 | |
| Dragonhawk Rider | 3 | |
33 total
» upgrades
| Defend | 1 | |
| Plating | 3 | |
| Swords | 1 | |
| Sorceress Training | 2 | |
| Animal War Training | 1 | |
| Masonry | 1 | |
| Cloud | 1 | |
10 total
» buildings
| Altar of Kings | 1 | |
| Barracks | 1 | |
| Farm | 10 | |
| Lumber Mill | 1 | |
| Scout Tower | 1 | |
| Arcane Tower | 1 | |
| Arcane Vault | 1 | |
| Blacksmith | 1 | |
| Keep | 1 | |
| Arcane Sanctum | 2 | |
| Castle | 1 | |
| Gryphon Aviary | 2 | |
| Workshop | 1 | |
24 total
» build order
00:13 Altar of Kings
00:16 Barracks
00:23 Farm
00:33 Farm
01:42 Lumber Mill
01:58 Farm
02:10 Scout Tower
02:48 Arcane Tower
03:04 Arcane Vault
03:39 Farm
04:12 Farm
04:46 Farm
04:51 Blacksmith
05:27 Keep
07:31 Farm
08:16 Arcane Sanctum
08:18 Arcane Sanctum
08:23 Castle
09:44 Farm
11:42 Farm
15:06 Gryphon Aviary
15:35 Gryphon Aviary
17:50 Farm
21:05 Workshop
» items
| Scroll of Town Portal | 3 | |
| Scroll of Regeneration | 1 | |
| Lesser Clarity Potion | 1 | |
| Orb of Fire | 1 | |
6 total
Towered.Coward (
teal | 43 APM | 1394 actions | 32:45)
7 Blademaster
3 Wind Walk
3 Critical Strike
1 Bladestorm
» actions
| Assign group hotkey | 36 | |
| Basic commands | 180 | |
| Build / train | 61 | |
| Enter build submenu | 44 | |
| Enter hero's abilities submenu | 7 | |
| Give item / drop item | 12 | |
| Remove unit from queue | 2 | |
| Right click | 519 | |
| Select / deselect | 299 | |
| Select group hotkey | 128 | |
| Use ability | 106 | |
1394 total
» units
| Peon | 17 | |
| Grunt | 4 | |
| Troll Batrider | 5 | |
| Wind Rider | 2 | |
28 total
» upgrades
| Reinforced Defenses | 1 | |
| Ranged Weapons | 3 | |
| Armor | 3 | |
| Envenomed Spears | 1 | |
| Liquid Fire | 1 | |
9 total
» buildings
| Orc Burrow | 6 | |
| Altar of Storms | 1 | |
| Barracks | 1 | |
| Stronghold | 1 | |
| Voodoo Lounge | 1 | |
| War Mill | 3 | |
| Beastiary | 4 | |
| Great Hall | 3 | |
| Watch Tower | 32 | |
| Fortress | 1 | |
53 total
» build order
00:13 Orc Burrow
00:53 Altar of Storms
00:54 Barracks
01:12 Orc Burrow
02:36 Stronghold
03:27 Voodoo Lounge
03:49 War Mill
04:32 Orc Burrow
05:33 Beastiary
05:33 Beastiary
05:39 Orc Burrow
07:37 War Mill
08:57 Great Hall
09:00 Watch Tower
09:00 Watch Tower
09:00 Watch Tower
09:01 Watch Tower
09:04 Watch Tower
09:05 Watch Tower
09:06 Watch Tower
09:07 Watch Tower
11:05 Watch Tower
11:07 Fortress
12:52 Watch Tower
12:52 Watch Tower
12:53 Watch Tower
12:53 Watch Tower
12:54 Watch Tower
14:44 Beastiary
14:46 Beastiary
15:57 Watch Tower
15:59 Watch Tower
18:17 Great Hall
18:22 Watch Tower
18:23 Watch Tower
18:23 Watch Tower
18:24 Watch Tower
18:24 Watch Tower
18:25 Watch Tower
18:25 Watch Tower
18:28 Watch Tower
20:36 Orc Burrow
24:19 War Mill
24:30 Great Hall
24:34 Watch Tower
24:34 Watch Tower
24:35 Watch Tower
24:35 Watch Tower
24:37 Watch Tower
24:37 Watch Tower
24:38 Watch Tower
24:39 Watch Tower
26:12 Orc Burrow
» items
| Healing Salve | 4 | |
| Periapt of Vitality | 1 | |
| Potion of Healing | 1 | |
| Lesser Clarity Potion | 3 | |
| Potion of Mana | 1 | |
| Scroll of Town Portal | 1 | |
| Orb of Lightning | 1 | |
12 total

»
sD.LiViNgEaSy (
blue | 48 APM | 1579 actions | 32:35)
2 Blademaster
1 Mirror Image
1 Critical Strike
2 Tauren Chieftain
1 War Stomp
1 Endurance Aura
3 Shadow Hunter
2 Healing Wave
1 Hex
» actions
| Assign group hotkey | 5 | |
| Basic commands | 90 | |
| Build / train | 104 | |
| ESC pressed | 31 | |
| Enter build submenu | 45 | |
| Enter hero's abilities submenu | 7 | |
| Give item / drop item | 1 | |
| Remove unit from queue | 1 | |
| Right click | 398 | |
| Select / deselect | 324 | |
| Select group hotkey | 455 | |
| Use ability | 118 | |
1579 total
» units
| Peon | 55 | |
| Kodo Beast | 3 | |
| Wind Rider | 7 | |
| Troll Batrider | 14 | |
79 total
» upgrades
| Ranged Weapons | 2 | |
| Armor | 1 | |
| Reinforced Defenses | 1 | |
| War Drums Damage Increase | 1 | |
| Envenomed Spears | 1 | |
| Liquid Fire | 2 | |
8 total
» buildings
| Orc Burrow | 11 | |
| War Mill | 3 | |
| Altar of Storms | 4 | |
| Watch Tower | 8 | |
| Stronghold | 2 | |
| Voodoo Lounge | 2 | |
| Fortress | 1 | |
| Beastiary | 2 | |
| Great Hall | 7 | |
40 total
» build order
00:21 Orc Burrow
00:36 War Mill
01:05 Altar of Storms
01:48 Watch Tower
01:59 Watch Tower
03:46 Stronghold
03:50 Watch Tower
03:52 Watch Tower
04:02 Voodoo Lounge
04:05 Orc Burrow
04:07 Orc Burrow
05:04 Orc Burrow
06:07 Fortress
06:17 Watch Tower
06:47 Watch Tower
07:15 Beastiary
07:17 Beastiary
07:28 Orc Burrow
10:42 Orc Burrow
13:16 War Mill
19:47 Great Hall
20:21 Great Hall
23:49 War Mill
24:50 Great Hall
25:40 Altar of Storms
26:04 Great Hall
26:38 Orc Burrow
26:41 Orc Burrow
27:11 Stronghold
27:14 Altar of Storms
27:17 Orc Burrow
27:42 Great Hall
27:53 Orc Burrow
27:58 Voodoo Lounge
28:02 Watch Tower
28:08 Watch Tower
28:24 Orc Burrow
29:33 Great Hall
29:37 Altar of Storms
32:23 Great Hall
» items
| Potion of Healing | 1 | |
| Tiny Great Hall | 1 | |
2 total
team 2 (winner)

»
bounty_hunter (
red | 58 APM | 980 actions | 16:59)
5 Blood Mage
3 Flame Strike
2 Siphon Mana
» actions
| Assign group hotkey | 10 | |
| Build / train | 48 | |
| Enter build submenu | 16 | |
| Enter hero's abilities submenu | 5 | |
| Right click | 651 | |
| Select / deselect | 206 | |
| Select group hotkey | 9 | |
| Use ability | 35 | |
980 total
» units
| Peasant | 11 | |
| Footman | 3 | |
| Rifleman | 5 | |
| Gryphon Rider | 10 | |
29 total
» upgrades
| Armor | 3 | |
| Swords | 3 | |
| Lumber Harvesting | 2 | |
| Animal War Training | 1 | |
| Storm Hammers | 1 | |
10 total
» buildings
| Altar of Kings | 1 | |
| Farm | 9 | |
| Barracks | 1 | |
| Blacksmith | 1 | |
| Lumber Mill | 1 | |
| Keep | 1 | |
| Castle | 1 | |
| Gryphon Aviary | 2 | |
17 total
» build order
00:06 Altar of Kings
00:08 Farm
00:44 Barracks
01:08 Farm
01:47 Blacksmith
02:06 Farm
02:14 Lumber Mill
02:59 Farm
04:15 Keep
04:58 Farm
05:46 Farm
07:04 Castle
07:31 Gryphon Aviary
07:51 Farm
08:49 Gryphon Aviary
09:34 Farm
10:14 Farm
» items

»
super_doosh (
yellow | 49 APM | 696 actions | 14:04)
3 Death Knight
2 Death Coil
1 Unholy Aura
» actions
| Assign group hotkey | 12 | |
| Basic commands | 1 | |
| Build / train | 47 | |
| Enter build submenu | 11 | |
| Enter hero's abilities submenu | 3 | |
| Remove unit from queue | 1 | |
| Right click | 229 | |
| Select / deselect | 149 | |
| Select group hotkey | 221 | |
| Use ability | 22 | |
696 total
» units
| Acolyte | 13 | |
| Ghoul | 5 | |
| Crypt Fiend | 9 | |
27 total
» upgrades
| Creature Attack | 2 | |
| Creature Carapace | 2 | |
| Web | 1 | |
5 total
» buildings
| Graveyard | 1 | |
| Ziggurat | 5 | |
| Altar of Darkness | 1 | |
| Crypt | 1 | |
| Tomb of Relics | 1 | |
| Nerubian Tower | 1 | |
| Halls of the Dead | 1 | |
| Spirit Tower | 6 | |
| Sacrificial Pit | 1 | |
18 total
» build order
00:13 Graveyard
00:23 Ziggurat
00:33 Altar of Darkness
01:13 Crypt
01:28 Tomb of Relics
01:48 Ziggurat
02:03 Nerubian Tower
03:26 Halls of the Dead
03:45 Spirit Tower
04:56 Ziggurat
06:04 Spirit Tower
08:30 Ziggurat
09:43 Spirit Tower
09:48 Sacrificial Pit
12:36 Ziggurat
13:34 Spirit Tower
» items
BIRAM (
pink | 31 APM | 536 actions | 17:06)
2 Demon Hunter
1 Immolation
1 Mana Burn
» actions
| Assign group hotkey | 2 | |
| Basic commands | 6 | |
| Build / train | 70 | |
| ESC pressed | 20 | |
| Enter build submenu | 33 | |
| Enter hero's abilities submenu | 2 | |
| Give item / drop item | 1 | |
| Right click | 173 | |
| Select / deselect | 176 | |
| Select group hotkey | 1 | |
| Use ability | 51 | |
536 total
» units
| Wisp | 21 | |
| Druid of the Talon | 12 | |
| Archer | 19 | |
52 total
» upgrades
| Druid of the Talon Training | 1 | |
1 total
» buildings
| Moon Well | 6 | |
| Tree of Ages | 1 | |
| Ancient of Wind | 3 | |
| Altar of Elders | 1 | |
| Ancient of Wonders | 1 | |
| Tree of Eternity | 1 | |
| Tree of Life | 1 | |
| Ancient of War | 1 | |
| Hunter's Hall | 1 | |
| Arcane Tower | 2 | |
18 total
» build order
00:45 Moon Well
01:45 Moon Well
02:41 Moon Well
03:11 Tree of Ages
03:43 Moon Well
04:52 Moon Well
05:08 Moon Well
05:43 Ancient of Wind
05:48 Ancient of Wind
05:54 Ancient of Wind
06:09 Altar of Elders
07:08 Ancient of Wonders
07:26 Tree of Eternity
10:49 Tree of Life
11:39 Ancient of War
14:37 Hunter's Hall
16:58 Arcane Tower
17:00 Arcane Tower
» items
| Lesser Clarity Potion | 3 | |
| Orb of Fire | 1 | |
| Ivory Tower | 3 | |
| Potion of Healing | 2 | |
9 total
PaIadin (
green | 114 APM | 3737 actions | 32:46)
9 Archmage
3 Summon Water Elemental
3 Brilliance Aura
2 Blizzard
1 Mass Teleport
3 Death Knight
2 Unholy Aura
1 Death Coil
3 Demon Hunter
2 Mana Burn
1 Immolation
» actions
| Assign group hotkey | 102 | |
| Basic commands | 147 | |
| Build / train | 185 | |
| ESC pressed | 16 | |
| Enter build submenu | 51 | |
| Enter hero's abilities submenu | 16 | |
| Give item / drop item | 9 | |
| Right click | 1487 | |
| Select / deselect | 405 | |
| Select group hotkey | 1075 | |
| Use ability | 244 | |
3737 total
» units
| Peasant | 12 | |
| Footman | 5 | |
| Gryphon Rider | 8 | |
| Dragonhawk Rider | 5 | |
| Wisp | 5 | |
| Forest Troll Berserker | 1 | |
36 total
» upgrades
| Masonry | 3 | |
| Swords | 3 | |
| Armor | 4 | |
| Lumber Harvesting | 1 | |
| Animal War Training | 1 | |
| Storm Hammers | 1 | |
| Cloud | 1 | |
14 total
» buildings
| Altar of Kings | 1 | |
| Barracks | 1 | |
| Farm | 7 | |
| Arcane Vault | 1 | |
| Scout Tower | 28 | |
| Lumber Mill | 2 | |
| Arcane Tower | 9 | |
| Keep | 4 | |
| Blacksmith | 1 | |
| Castle | 3 | |
| Guard Tower | 55 | |
| Gryphon Aviary | 2 | |
| Town Hall | 2 | |
| Ziggurat | 5 | |
| Ancient Protector | 4 | |
| Spirit Tower | 4 | |
129 total
» build order
00:52 Altar of Kings
00:56 Barracks
00:58 Farm
01:03 Farm
01:12 Farm
02:08 Arcane Vault
02:19 Scout Tower
02:22 Lumber Mill
02:26 Scout Tower
02:47 Arcane Tower
02:47 Arcane Tower
02:48 Arcane Tower
03:14 Arcane Tower
03:14 Arcane Tower
04:35 Keep
04:35 Keep
05:07 Blacksmith
07:15 Castle
07:16 Castle
07:18 Scout Tower
07:20 Scout Tower
07:42 Guard Tower
07:43 Guard Tower
07:43 Guard Tower
07:51 Guard Tower
07:51 Guard Tower
07:56 Guard Tower
07:56 Guard Tower
08:05 Farm
08:07 Farm
08:08 Farm
08:11 Farm
08:17 Guard Tower
08:17 Guard Tower
08:17 Guard Tower
08:18 Guard Tower
08:19 Guard Tower
08:19 Guard Tower
09:16 Gryphon Aviary
09:22 Gryphon Aviary
15:27 Town Hall
15:29 Scout Tower
15:30 Scout Tower
15:31 Scout Tower
15:31 Scout Tower
15:56 Guard Tower
15:56 Guard Tower
15:58 Scout Tower
15:58 Scout Tower
15:59 Scout Tower
15:59 Scout Tower
16:00 Guard Tower
16:07 Guard Tower
16:39 Guard Tower
16:39 Guard Tower
16:40 Guard Tower
16:42 Scout Tower
16:45 Scout Tower
16:46 Scout Tower
16:47 Scout Tower
16:49 Scout Tower
16:50 Scout Tower
16:52 Guard Tower
16:52 Guard Tower
17:15 Ziggurat
17:15 Ziggurat
17:16 Ziggurat
17:18 Guard Tower
17:19 Guard Tower
17:27 Ziggurat
17:28 Ziggurat
18:02 Guard Tower
18:03 Guard Tower
18:03 Guard Tower
18:25 Scout Tower
18:25 Scout Tower
18:26 Scout Tower
19:28 Guard Tower
19:28 Guard Tower
19:30 Scout Tower
19:31 Scout Tower
19:37 Lumber Mill
19:47 Ancient Protector
19:51 Ancient Protector
19:52 Ancient Protector
19:53 Ancient Protector
19:55 Spirit Tower
19:55 Spirit Tower
22:55 Guard Tower
22:55 Guard Tower
22:56 Guard Tower
22:56 Guard Tower
22:56 Guard Tower
22:57 Guard Tower
26:41 Town Hall
31:29 Scout Tower
31:29 Scout Tower
31:30 Scout Tower
31:30 Scout Tower
31:34 Scout Tower
31:59 Guard Tower
31:59 Guard Tower
31:59 Guard Tower
» items
| Lesser Clarity Potion | 1 | |
| Scroll of Regeneration | 3 | |
| Staff of Teleportation | 2 | |
| Periapt of Vitality | 1 | |
| Ivory Tower | 8 | |
| Tome of Retraining | 1 | |
| Potion of Invisibility | 1 | |
| Potion of Lesser Invulnerability | 2 | |
| Scroll of Town Portal | 1 | |
| Scroll of Healing | 2 | |
| Scroll of Protection | 1 | |
23 total
Chat log
(00:08 / All) PaIadin: WOOOOO BATTLEGROUNDS
(00:12 / Allies) bounty_hunter: PALADON IS A LEAVER OR A BSER
(00:17 / Allies) bounty_hunter: HE LEFT LAST GAME IMMEDIATELY
(00:19 / Allies) PaIadin: I am?
(00:25 / Allies) PaIadin: I just didn't like that map
(00:27 / Allies) bounty_hunter: YOU LEFT IMMEDIATELY LAST GAME
(00:36 / Allies) PaIadin: Yeah so what, it wasn't my favourite map
(00:39 / Allies) bounty_hunter: calling it now
(00:41 / Allies) PaIadin: But I sure do love BATTLEGROUNDS!
(00:42 / Allies) super_doosh: fiends
(01:28 / Allies) PaIadin: What's that wisp doing at my base
(01:48 / Allies) PaIadin: Pink sucks
(01:58 / Allies) super_doosh: shit
(02:43 / All) Towered.Coward: You are now aware that blue smells like poop
(02:52 / All) super_doosh: ???
(03:04 / All) Towered.Coward: And yellow's room smells like salt
(03:16 / All) super_doosh: more like sour milk!
(03:38 / All) bounty_hunter: PERFECT!
(05:56 / Allies) bounty_hunter: hit with me
(06:00 / Allies) bounty_hunter: just for a tad
(07:10 / Allies) super_doosh: out
(07:42 / Allies) bounty_hunter: if we had a pink with units that probably wouldve been successful
(07:53 / Allies) PaIadin: Told you he sucks
(07:57 / Allies) super_doosh: stupid bitch!
(08:30 / Allies) bounty_hunter: like wtf pink
(08:31 / Allies) bounty_hunter: how
(08:33 / Allies) bounty_hunter: are you that bad
(10:23 / Allies) bounty_hunter: i need lumber
(10:40 / Allies) bounty_hunter: oh jesus
(12:45 / Allies) bounty_hunter: need your web yellow
(12:59 / Allies) bounty_hunter: cmere
(13:00 / Allies) bounty_hunter: real quick
(13:02 / Allies) bounty_hunter: hit him then b
(13:51 / Allies) bounty_hunter: b
(13:52 / Allies) bounty_hunter: b
(14:08 / Allies) bounty_hunter: wtf
(14:10 / Allies) bounty_hunter: why
(14:28 / Allies) bounty_hunter: my hero wont move?
(14:42 / Allies) PaIadin: it happens after people leave
(14:43 / Allies) PaIadin: it's a bug
(14:50 / Allies) bounty_hunter: keep hitting
(15:19 / All) PaIadin: nice hall placement
(15:20 / All) PaIadin: wtf is that
(19:15 / All) Towered.Coward: smart move orange
(21:54 / All) Towered.Coward: You're a failure, orange
(22:58 / All) statmojo.com: gg u win
(23:00 / All) PaIadin: gg
(23:01 / All) statmojo.com: hit teal now
(23:01 / All) PaIadin: 1v4
(23:02 / All) statmojo.com: he has expo
(23:10 / All) statmojo.com: ya teal is a douche
(23:14 / All) statmojo.com: kill his expo u win
(23:28 / All) Towered.Coward: Orange attempts to TK, fails
(23:29 / All) statmojo.com: teal is in my base
(23:33 / All) statmojo.com: has 12 wyv
(23:40 / All) Towered.Coward: then whines because I punish him bad behavior
(24:11 / All) statmojo.com: wow you blow green
(24:27 / All) PaIadin: Still raping purple
(24:28 / All) PaIadin: and you
(24:31 / All) PaIadin: and your whole team, buddy
(24:36 / All) statmojo.com: gg fags
(24:39 / All) PaIadin: out
(24:40 / All) Kaotic_Krogan: orange ruined game because he tk first
(24:47 / All) PaIadin: lol
(24:52 / All) PaIadin: They are all altqqing fast this time around
(27:26 / All) PaIadin: micro those peons
(31:06 / All) PaIadin: Nice try, orange
(32:08 / All) Towered.Coward: Time to end this shindig
(32:40 / All) PaIadin: Which side getst he loss?
(32:40 / All) Towered.Coward: orange lose
(32:43 / All) PaIadin: k